 Dungeon Crawl Stone Soup version 0.30-a0-393-g54b8e3be05 (webtiles) character file.

Game seed: 6914482679836190685

177 Bnni the Shield-Bearer (level 5, 0/43 HPs)
             Began as a Formicid Fighter on Dec 5, 2022.
             Constricted to death by a ball python (1 damage)
             ... in a sewer.
             The game lasted 00:03:08 (2030 turns).

Bnni the Shield-Bearer (Formicid Fighter)           Turns: 2030, Time: 00:03:09

Health: 0/43       AC:  1    Str: 23    XL:     5   Next: 88%
Magic:  5/5        EV:  4    Int:  7    God:
Gold:   123        SH: 10    Dex: 13    Spells: 4/4 levels left

rFire   + . .      SeeInvis +    a - +0 trident
rCold   + . .      Faith    .    c - +0 buckler
rNeg    . . .      Spirit   .    m - +0 chain mail
rPois   +          Reflect  +    (helmet unavailable)
rElec   +          Harm     .    (no cloak)
rCorr   +          Rampage  .    (no gloves)
Will    .....                    (no boots)
Stlth   ..........               j - amulet of reflection
HPRegen 0.27/turn                (no ring)
MPRegen 0.09/turn                (no ring)

@: resistant, corroded, constricted
A: permanent stasis, dig shafts and tunnels, antennae 3, four strong arms
a: Dig


You were in a sewer.
You visited 1 branch of the dungeon, and saw 3 of its levels.
You also visited: Sewer.

You collected 123 gold pieces.

Inventory:

Hand Weapons
 a - a +0 trident (weapon)
Missiles
 e - 5 poisoned darts
Armour
 c - a +0 buckler (worn)
 m - a +0 chain mail (worn)
Jewellery
 j - an amulet of reflection (around neck)
Scrolls
 b - a scroll of teleportation {unknown}
 h - a scroll of poison
 i - a scroll of blinking {unknown}
 k - a scroll of summoning {unknown}
Potions
 d - a potion of might
 f - a potion of attraction
 l - 2 potions of invisibility


   Skills:
 + Level 4.4 Fighting
 * Level 4.3 Polearms
 - Level 3.2 Armour
 - Level 5.0 Shields


You had 4 spell levels left.
You didn't know any spells.
Your spell library was empty.

Dungeon Overview and Level Annotations

Branches:
Dungeon (3/15)              Sewer (1/1)

Altars:

Shops:
D:3 ?


Innate Abilities, Weirdness & Mutations

You cannot be hasted, slowed, berserked, paralysed or teleported.
You can dig through walls and to a lower floor.
You have a pair of large antennae on your head. (SInv)
Your four strong arms can wield two-handed weapons with a shield.


Message History

You escape the ball python's grasp.
The ball python attacks as you move away!
You block the ball python's attack. The ball python barely misses you.
The ball python bites you. The ball python grabs you.
The ball python constricts you. You block the jelly's attack.
You escape the ball python's grasp.
The endoplasm attacks as you move away! The endoplasm closely misses you.
The ball python attacks as you move away!
You block the ball python's attack.
The jelly jiggles.
You block the jelly's attack.
You hit the jelly.
Your hands burn!
The jelly is moderately wounded.
The endoplasm freezes you.
You are frozen.
The ball python barely misses you. You block the ball python's attack.
The jelly barely misses you.
You hit the jelly. The acid corrodes you!
Your hands burn!
The jelly is severely wounded.
The endoplasm splashes around in the water.
The ball python bites you but does no damage.
The ball python grabs you. The ball python constricts you. The jelly hits you.
The acid corrodes you!
You are splashed with acid!
* * * LOW HITPOINT WARNING * * *
You hit the jelly.
You kill the jelly!
You block the ball python's attack. The ball python constricts you.
* * * LOW HITPOINT WARNING * * *
The endoplasm freezes you.
You are frozen.
* * * LOW HITPOINT WARNING * * *
The ball python bites you.
* * * LOW HITPOINT WARNING * * *
The ball python constricts you.
* * * LOW HITPOINT WARNING * * *
The endoplasm hits you.
* * * LOW HITPOINT WARNING * * *
It was a potion of resistance.
You feel protected. You block the ball python's attack.
The ball python constricts you.
You die...

##....#.)##~~..~.....~...
#~~~~....#.~...#########~
#..##..~##...### ##
#.~.##.##..~## ##~.~###....#
##.~....~.## ###...~~~##
######### ###~...~.~##
#..~..... ##~.~~.~~~@##
#~~.~~.~. ##~..~~~~#SJ~## ~.
#..###### #~..##~~.##~~~##~.
#.~# ##~.##.~~..##.~..~.##..#
##...##..#~..#~..~~###..######
#.~~~##.~##.##~~#### #.~......
#..~###~~~###.~.# #....~..~
#..~~###∩....~.~# #########
##.~~# ##~~~...##


You could see an endoplasm and a ball python.

Vanquished Creatures
  3 jellies (Sewer)
  An adder (D:2)
  A worm (D:2)
  14 endoplasms
  10 giant cockroaches
  7 goblins
  3 hobgoblins (D:1)
  3 jackals (D:2)
  A kobold (D:1)
  5 quokkas
  8 ball pythons
  4 bats
  5 frilled lizards
  6 rats
71 creatures vanquished.

Notes
Turn   | Place    | Note
-------+----------+-------------------------------------------
     0 | D:1      | Bnni the Formicid Fighter began the quest for the Orb.
     0 | D:1      | Reached XP level 1. HP: 18/18 MP: 1/1
   169 | D:1      | Reached XP level 2. HP: 24/24 MP: 2/2
   295 | D:1      | Reached XP level 3. HP: 29/29 MP: 3/3
   816 | D:2      | Reached XP level 4. HP: 35/37 MP: 4/4
   851 | D:2      | Reached skill level 5 in Shields
   899 | D:2      | Identified the +7 sling "Unkamni" {freeze, rF- rC- rN+++
                  | SInv}
  1317 | D:3      | Found Jiof's Magic Scroll Shop.
  1400 | D:3      | Found a glowing drain.
  1413 | Sewer    | Entered a sewer
  1561 | Sewer    | Reached XP level 5. HP: 13/42 MP: 5/5
  1764 | Sewer    | Found a viscous altar of Jiyva.
  2029 | Sewer    | HP: 1/43 [endoplasm (3)]
  2030 | Sewer    | Constricted to death by a ball python

Illustrated notes

Levels and vault maps discovered:
D:1:      evilmike_arrival_hilbert_curve, layout_rooms, grunt_decor_junction,
          minivault_14, minmay_misc_feat_room
D:2:      layout_loops_ring
D:3:      layout_basic, nemelex_diamond_rough_becter, serial_corexii_hall,
          corexii_hall_statues_x, corexii_hall_statues_i, serial_shops, shop,
          gup_sewer_entry_pipe, gammafunk_ghost_icy
Sewer:    sewer_hellmonk_slimy_pipes

Skill      XL: |  1  2  3  4  5 |
---------------+----------------+-----
Polearms       | 3 4 |  4.3
Shields        | 5 |  5.0
Fighting       | 4 |  4.4
Armour         | |  3.2

Action                   |  1- 3 |  4- 6 || total
-------------------------+-------+-------++-------
Melee: Trident           |   104 |   147 ||   251
  Use: Scroll            |       |     3 ||     3
       Potion            |       |     1 ||     1
Armor: Scale mail        |    44 |    16 ||    60
       Chain mail        |       |    41 ||    41
Dodge: Dodged            |    28 |    38 ||    66
Block: Buckler           |    13 |    72 ||    85

Table legend: (Time is in decaauts)
 A = Elapsed time spent in this place.
 B = Non-inter-level travel time spent in this place.
 C = Inter-level travel time spent in this place.
 D = Time resting spent in this place.
 E = Time spent auto-exploring this place.
 F = Levels seen in this place.
 G = Mean time per level.
                   A        B        C        D        E       F      G
               +--------+--------+--------+--------+--------+-----+--------+
         Total |   2096 |   2040 |     56 |    250 |   1261 |   4 |  524.0 |
       Dungeon |   1447 |   1391 |     56 |      0 |   1027 |   3 |  482.3 |
         Sewer |    649 |    649 |      0 |    250 |    234 |   1 |  649.0 |
               +--------+--------+--------+--------+--------+-----+--------+

Top non-repeatable levels by time:
     D:2: 701 daAuts
   Sewer: 649 daAuts
     D:1: 638 daAuts
     D:3: 107 daAuts
